Map: 光影交错-天梯版

Players

iGMacSed (MacSed) - Winner!

  • Race: Protoss Protoss
  • League: Grandmaster

CoffeeMs (Coffee)

  • Race: Terran Terran
  • League: Master

Event: DreamHack SC2 Masters 2021 Fall

VOD

Have the link to the VOD?

Description

Time

  • Played on: Aug. 7, 2021, 7:37 a.m.
  • Length: 16:32

All games in this series

Show
View Real Time Build Order
Export as new Build Order

iGMacSed Protoss - Winner!

Build Orders: 1 Gate Expand, Blink Stalkers, Zealot Archon 

Get SALT Encoding   

  12  0:00  Probe  
  13  0:12  Probe  
  14  0:17  Pylon  
  14  0:24  Probe (Chrono Boost)  
  16  0:35  Gateway  
  16  0:36  Probe (Chrono Boost)  
  16  0:43  Probe (Chrono Boost)  
  16  0:45  Assimilator  
  17  0:50  Probe  
  18  1:03  Probe  
  19  1:15  Probe  
  20  1:22  Cybernetics Core  
  20  1:31  Nexus  
  20  1:37  Pylon  
  20  1:42  Probe  
  21  1:47  Assimilator  
  21  1:54  Probe  
  22  1:56  Adept (Chrono Boost)  
  22  1:59  Warp Gate  
  24  2:06  Probe (Chrono Boost)  
  26  2:16  Probe (Chrono Boost)  
  26  2:20  Probe (Chrono Boost)  
  26  2:21  Twilight Council  
  27  2:31  Stalker  
  27  2:32  Probe  
  30  2:43  Probe  
  31  2:44  Probe  
  31  2:47  Gateway  
  32  2:51  Blink (Chrono Boost)  
  32  2:55  Probe  
  32  2:56  Probe  
  34  3:07  Probe  
  34  3:08  Probe  
  36  3:18  Robotics Facility  
  36  3:19  Probe  
  37  3:21  Probe  
  38  3:31  Probe  
  38  3:33  Probe  
  40  3:43  Probe  
  40  3:45  Probe  
  40  3:46  Gateway  
  40  3:47  Pylon, Gateway  
  42  3:52  Stalker x2  
  46  4:02  Pylon x2  
  46  4:05  Observer, Probe x2  
  49  4:16  Stalker x2  
  53  4:17  Probe  
  53  4:20  Probe  
  53  4:21  Assimilator  
  55  4:24  Assimilator  
  55  4:29  Probe  
  56  4:31  Warp Prism  
  56  4:34  Probe  
  59  4:44  Stalker x2  
  59  4:45  Stalker  
  65  4:48  Stalker  
  65  4:52  Probe  
  68  4:56  Pylon  
  68  4:59  Pylon  
  68  5:16  Stalker x4  
  68  5:18  Probe x2  
  77  5:22  Observer  
  77  5:26  Pylon  
  78  5:46  Templar Archives  
  78  5:49  Charge (Chrono Boost), Nexus  
  78  5:54  Pylon  
  78  5:59  Probe x2  
  78  6:03  Psionic Storm  
  80  6:07  Gateway  
  80  6:09  Gateway  
  80  6:11  Gateway  
  80  6:12  Gateway  
  80  6:21  Probe  
  80  6:22  Probe  
  80  6:25  High Templar  
  84  6:34  Shield Battery  
  84  6:40  High Templar  
  84  6:42  Zealot  
  84  6:43  Zealot, Probe  
  84  6:44  Probe  
  92  6:49  Forge  
  92  6:52  Pylon  
  92  6:56  Probe x2  
  94  7:03  High Templar  
  94  7:04  High Templar  
  98  7:10  Zealot x3  
  98  7:11  Pylon, Zealot x2  
  98  7:12  Probe x2  
  110  7:17  Archon  
  110  7:30  Pylon x2  
  110  7:32  Zealot x6  
  121  7:39  Protoss Ground Weapons Level 1 (Chrono Boost)  
  121  7:41  Probe x2  
  121  7:42  Probe  
  124  7:48  Immortal  
  128  7:52  High Templar x2  
  128  7:53  Probe  
  128  7:57  Probe  
  134  8:02  Probe  
  134  8:04  Assimilator  
  136  8:05  Probe  
  136  8:11  Probe  
  137  8:13  Photon Cannon  
  137  8:14  Probe  
  137  8:15  Shield Battery  
  137  8:17  High Templar  
  137  8:18  Probe  
  141  8:20  Photon Cannon  
  141  8:23  Assimilator  
  141  8:29  Pylon  
  141  8:35  Pylon x2  
  141  8:44  Pylon  
  141  8:45  Immortal  
  145  8:51  Robotics Bay  
  145  8:53  High Templar  
  145  8:55  High Templar, Probe  
  150  9:00  Zealot x3  
  150  9:01  Zealot x3  
  162  9:08  Gateway  
  162  9:10  Gateway  
  162  9:13  Pylon  
  162  9:16  Pylon  
  160  9:20  Probe  
  160  9:22  Photon Cannon  
  161  9:27  Robotics Facility  
  161  9:33  Pylon  
  161  9:38  Colossus (Chrono Boost)  
  161  9:39  Extended Thermal Lance (Chrono Boost)  
  161  9:41  Nexus  
  161  9:42  Pylon  
  167  9:47  Protoss Ground Weapons Level 2 (Chrono Boost)  
  167  9:51  High Templar  
  169  9:53  Shield Battery  
  165  10:10  Colossus (Chrono Boost)  
  171  10:18  Photon Cannon, Stalker x3  
  171  10:19  Shield Battery, Zealot  
  179  10:21  Colossus (Chrono Boost)  
  185  10:29  Zealot x4  
  185  10:31  Archon  
  189  10:41  Zealot x3  
  175  10:55  Stalker x3  
  173  10:58  Colossus (Chrono Boost)  
  173  11:03  Probe  
  172  11:04  High Templar x2  
  172  11:08  Probe x2  
  172  11:11  Shield Battery, Photon Cannon  
  178  11:13  Colossus (Chrono Boost)  
  182  11:22  Forge  
  182  11:23  Probe x2  
  184  11:27  Pylon  
  184  11:29  Dark Shrine  
  184  11:34  Zealot x4  
  184  11:35  Zealot  
  194  11:43  Pylon  
  189  11:51  Disruptor (Chrono Boost)  
  189  11:52  Shield Battery  
  189  11:53  Zealot x2  
  176  11:56  Disruptor (Chrono Boost)  
  176  12:00  Zealot x4  
  173  12:10  Probe  
  170  12:15  Zealot x2  
  170  12:16  Zealot x3  
  170  12:19  Observer (Chrono Boost)  
  181  12:25  Pylon  
  181  12:29  Pylon  
  169  12:40  Disruptor x2 (Chrono Boost)  
  169  12:43  Shadow Stride (Chrono Boost)  
  167  12:46  Protoss Ground Armor Level 1, Protoss Ground Weapons Level 3 (Chrono Boost)  
  165  12:54  Zealot  
  167  12:59  Photon Cannon, Stalker x5  
  167  13:01  Shield Battery  
  177  13:06  Zealot  
  169  13:21  Zealot x3  
  169  13:22  Zealot x2  
  169  13:24  Zealot x3  
  185  13:37  Assimilator  
  185  13:42  Assimilator  
  177  13:48  Zealot x2  
  177  13:49  Zealot x2  
  177  13:54  Stalker x2  
  161  14:03  Disruptor x2  
  159  14:13  Templar Archives  
  157  14:18  Nexus  
  157  14:20  Dark Templar x6  
  157  14:21  Pylon  
  157  14:22  Pylon  
  169  14:25  Dark Templar  
  169  14:30  Photon Cannon  
  169  14:31  Dark Templar  
  173  14:33  Dark Templar  
  169  15:03  Disruptor x2 (Chrono Boost)  
  174  15:12  Stalker x4  
  182  15:19  Photon Cannon  
  182  15:21  Photon Cannon  
  182  15:24  Photon Cannon  
  182  15:25  Shield Battery  
  182  15:27  Shield Battery  
  180  15:29  Shield Battery  
  180  15:33  High Templar x2  
  158  16:15  Stalker x9  
Show
View Real Time Build Order
Export as new Build Order

CoffeeMs Terran 

Build Orders: Reaper Expand 

Get SALT Encoding   

  12  0:00  SCV  
  13  0:12  SCV  
  14  0:17  Supply Depot  
  14  0:24  SCV  
  15  0:39  SCV  
  15  0:40  Barracks  
  16  0:43  Refinery  
  16  0:51  SCV  
  17  1:03  SCV  
  18  1:15  SCV  
  19  1:27  Reaper, Orbital Command  
  20  1:43  Command Center  
  20  1:54  Supply Depot, SCV  
  21  1:59  Marine  
  22  2:06  SCV  
  23  2:11  Factory  
  23  2:16  Bunker  
  23  2:19  SCV  
  24  2:23  Barracks Reactor  
  24  2:28  Refinery  
  24  2:32  SCV  
  25  2:44  SCV  
  26  2:56  SCV, Orbital Command, Hellion  
  26  2:57  Starport  
  29  3:03  Marine x2  
  31  3:08  SCV  
  31  3:11  Supply Depot  
  32  3:18  Factory Tech Lab  
  32  3:20  SCV  
  32  3:22  Marine x2  
  35  3:28  SCV  
  36  3:40  Barracks  
  36  3:41  SCV  
  36  3:44  Marine x2, Raven, Factory Tech Lab  
  36  3:48  SCV  
  41  3:50  Refinery  
  41  3:53  SCV, Supply Depot  
  42  4:03  Marine x2  
  42  4:05  Siege Tank  
  42  4:06  SCV  
  42  4:08  SCV  
  49  4:15  Supply Depot  
  49  4:18  SCV  
  49  4:20  Marine x2, SCV  
  53  4:27  Barracks  
  53  4:30  SCV  
  54  4:33  SCV  
  54  4:37  Siege Tank  
  58  4:40  Bunker  
  58  4:42  SCV  
  58  4:45  SCV  
  60  4:48  Marauder  
  60  4:49  Stimpack  
  60  4:52  Supply Depot  
  62  4:59  Marine x2  
  64  5:00  Starport Reactor  
  64  5:01  SCV  
  64  5:03  SCV  
  64  5:13  Siege Tank  
  67  5:17  SCV  
  68  5:23  Marine x2, Engineering Bay, Marauder  
  68  5:26  SCV  
  73  5:30  Barracks Tech Lab  
  73  5:41  Medivac x2  
  75  5:44  SCV x2  
  75  5:47  Refinery  
  75  5:48  Supply Depot x2  
  77  5:52  Terran Infantry Weapons Level 1  
  77  5:53  Missile Turret  
  77  5:56  Combat Shield  
  77  5:58  SCV  
  78  6:09  Marine x2, SCV, Marauder x2  
  85  6:28  Command Center  
  85  6:29  Medivac x2  
  89  6:33  Supply Depot  
  89  6:34  Marauder  
  89  6:35  Supply Depot, Marauder  
  89  6:39  Marine  
  94  6:44  Supply Depot  
  94  6:54  Marine  
  94  6:55  SCV x2  
  94  6:57  Barracks  
  94  6:59  Supply Depot, Factory Reactor  
  94  7:00  Barracks  
  97  7:09  Marauder x2  
  100  7:23  Marine x2  
  100  7:25  SCV, Medivac x2  
  100  7:26  SCV  
  100  7:27  Supply Depot  
  108  7:32  Marauder  
  108  7:33  Marauder  
  114  7:37  Widow Mine x2  
  114  7:41  Orbital Command  
  114  7:44  Marine x2  
  116  7:47  Barracks Reactor  
  118  7:51  Terran Infantry Armor Level 1  
  118  8:03  Marauder  
  118  8:04  Marine, Marauder x2  
  118  8:05  Marine, Medivac  
  128  8:12  Widow Mine x2  
  132  8:16  Orbital Command, Armory  
  132  8:17  SCV x2  
  133  8:28  Missile Turret  
  133  8:32  Marauder x3  
  133  8:33  Marine x2  
  141  8:40  Supply Depot  
  141  8:41  Missile Turret  
  141  8:49  Ghost Academy  
  141  8:56  Supply Depot x2  
  141  8:57  Supply Depot  
  141  9:02  SCV x3, Medivac x2  
  144  9:11  Marine x4  
  144  9:14  SCV  
  149  9:18  SCV x2  
  149  9:21  Refinery x2  
  149  9:22  Enhanced Shockwaves, Supply Depot  
  151  9:28  SCV  
  151  9:30  SCV  
  153  9:32  Missile Turret  
  153  9:39  Widow Mine x2  
  153  9:40  Ghost x3  
  162  9:51  Marine x4  
  166  9:54  Terran Infantry Weapons Level 2  
  166  9:57  Engineering Bay  
  162  10:09  Marine x3  
  162  10:11  Ghost x3  
  170  10:17  SCV x2  
  170  10:19  Supply Depot  
  166  10:39  Ghost  
  166  10:40  Marauder  
  166  10:41  Marine x3, Marauder  
  161  11:02  Marauder  
  146  11:04  Marine x2  
  146  11:05  Marine x2  
  146  11:07  Medivac x2  
  146  11:08  SCV  
  146  11:09  SCV  
  146  11:11  Terran Infantry Armor Level 2  
  160  11:12  Command Center  
  160  11:14  Terran Ship Weapons Level 1  
  160  11:17  Starport  
  155  11:19  Marauder x2  
  159  11:28  Sensor Tower  
  159  11:37  Marine x4  
  157  11:54  Marine, Marauder  
  145  11:56  Viking x4  
  145  11:58  SCV x2  
  145  12:00  SCV  
  149  12:06  Marine x4  
  153  12:10  SCV  
  150  12:24  Marauder x2  
  150  12:28  Marine x2  
  150  12:29  Marine  
  139  12:42  SCV x2  
  142  12:44  Bunker, Marauder  
  142  12:45  Viking x4, Marauder x2  
  142  12:49  SCV  
  155  12:54  SCV  
  155  12:55  Supply Depot  
  155  12:56  Marine x4  
  160  13:06  Supply Depot  
  160  13:08  Marauder x2  
  160  13:10  Marauder  
  165  13:23  Planetary Fortress  
  165  13:37  Marine x3  
  165  13:38  Marine, Marauder x3  
  165  13:40  Missile Turret  
  148  13:55  Marine  
  126  14:00  Marauder  
  126  14:01  SCV x2  
  126  14:02  Marine x4  
  115  14:04  Marauder  
  115  14:15  SCV  
  115  14:16  SCV  
  117  14:20  Ghost  
  117  14:21  Marauder  
  117  14:22  Marine x4  
  125  14:24  Ghost  
  125  14:25  Personal Cloaking  
  125  14:28  Ghost Academy  
  125  14:40  Marine x4  
  125  14:42  Marauder  
  131  14:50  Marauder  
  133  14:54  Liberator x2  
  133  14:55  Liberator x2  
  132  15:14  Marine x2, Marauder x3  
  129  15:17  Marine x2  
  129  15:19  SCV x2  
  135  15:31  Marine  
  135  15:32  Marine  
  135  15:33  Command Center  
  135  15:34  Fusion Core  
  135  15:35  Nuke  
  137  15:38  Missile Turret  
  137  15:40  Orbital Command  
  137  15:43  Sensor Tower  
  131  16:10  Marauder  
  131  16:11  Marine x2, Marauder x2  

Tags
 
Add a new tag
Caveats
  • Supply blocks, unpowered buildings, or Contaminate may cause inaccurate times.
  • Supply counts are checked every 10 seconds.